 Dungeon Crawl Stone Soup version 0.32-a0-898-g7811c86cf0 (webtiles) character file.

Game seed: 1062635293895564458

568 Griffin23 the Trooper (level 7, -8/61 HPs)
             Began as a Minotaur Fighter on Apr 4, 2024.
             Killed by an exploding quokka (25 damage)
             ... ignited by their inner flame
             ... on level 4 of the Dungeon.
             The game lasted 00:03:20 (3165 turns).

Griffin23 the Trooper (Minotaur Fighter)            Turns: 3165, Time: 00:03:20

Health: -8/61      AC:  8    Str: 23    XL:     7   Next: 11%
Magic:  6/6        EV:  8    Int:  5    God:
Gold:   216        SH:  4    Dex:  9    Spells: 6/6 levels left

rFire   x . .        a - +0 long sword
rCold   + . .        c - +0 buckler
rNeg    . . .        b - +0 scale mail
rPois   .            (helmet restricted)
rElec   .            (no cloak)
rCorr   .            (no gloves)
SInv    .            s - +0 pair of boots
Will    .....        (no amulet) Stlth
                     v - ring of ice
HPRegen 0.30/turn    (no ring)
MPRegen 0.10/turn

%: no passive effects
@: no status effects
A: horns 2, retaliatory headbutt
a: no special abilities


You were on level 4 of the Dungeon.
You visited 1 branch of the dungeon, and saw 4 of its levels.

You collected 216 gold pieces.

Inventory:

Hand Weapons
 a - a +0 long sword (weapon)
 x - the +1 rapier of Tesum {flame, *Noise rElec rPois Dex+6}
   (You found it on level 4 of the Dungeon)

   Dex+6:     It affects your dexterity (+6).
   rElec:     It insulates you from electricity.
   rPois:     It protects you from poison.
   *Noise:    It may make a loud noise when swung.
Missiles
 i - 6 boomerangs (quivered)
 r - 6 javelins
Armour
 b - a +0 scale mail (worn)
 c - a +0 buckler (worn)
 s - a +0 pair of boots (worn)
Jewellery
 v - a ring of ice (left hand)
Wands
 u - a wand of polymorph (5)
Scrolls
 e - a scroll of torment {unknown}
 f - a scroll of silence {unknown}
 g - 2 scrolls of immolation
 k - 2 scrolls of revelation {unknown}
 l - a scroll of amnesia {unknown}
 m - 5 scrolls of identify {unknown}
 t - 3 scrolls of teleportation {unknown}
 y - a scroll of enchant weapon {unknown}
Potions
 d - a potion of might
 h - 2 potions of degeneration {unknown}
 j - a potion of attraction {unknown}
 n - 2 potions of heal wounds {unknown}
 o - 2 potions of brilliance {unknown}
 p - a potion of mutation {unknown}
 q - a potion of lignification {unknown}
 w - 2 potions of berserk rage {unknown}


   Skills:
 + Level 5.5 Fighting
 * Level 5.4 Long Blades
 + Level 1.8 Throwing
 + Level 5.5 Armour
 + Level 5.4 Shields


You had 6 spell levels left.
You didn't know any spells.
Your spell library contained the following spells:

 Spells                   Type           Power      Damage    Failure   Level
 Summon Small Mammal      Summ           0%         N/A       83%         1
 Sublimation of Blood     Necr           0%         N/A       92%         2
 Call Canine Familiar     Summ           0%         N/A       99%         3
 Petrify                  Alch/Erth      0%         N/A       100%        4
 Summon Blazeheart Golem  Fire/Summ      0%         N/A       100%        4
 Irradiate                Conj/Alch      0%         3d11      100%        5


Dungeon Overview and Level Annotations

Branches:
Dungeon (4/15)
 Temple: D:4-7

Altars:
Ashenzari
Cheibriados
Sif Muna

Shops:
D:1 [


Innate Abilities, Weirdness & Mutations

You have a pair of horns on your head.
You reflexively headbutt those who attack you in melee.


Message History

There are monsters nearby!
A lemure comes into view.
The lemure shouts!
You hear a shout!
There are monsters nearby!
Pikel, Merchant of Souls comes into view.
He is wielding a +2 whip of flaming and carrying a wand of flame.
Pikel shouts!
You hear a shout!
A lemure comes into view.
There are monsters nearby!
Aiming: Polymorph
Press: ? - help, Shift-Dir - straight line, f - Pikel
Aim: Pikel, wielding a +2 whip of flaming, wearing a +0 robe and carrying a wand of flame (will become a scorpion, an ice beast, or a rime drake, chance to affect: 49%) Pikel resists with some effort.
The lemure shouts!
A ball python comes into view.
Aiming: Polymorph
Press: ? - help, Shift-Dir - straight line, p - Pikel Nothing appears to happen.
Menkaure points at you and mumbles some strange words.
Pain shoots through your body!
As you read the scroll labelled ZUSHRI FI UXTINAREA, it crumbles to dust.
The creatures around you are filled with an inner flame!
It was a scroll of immolation.
The quokka closely misses you. Menkaure completely misses you.
You furiously retaliate!
You headbutt Menkaure!
Flame seeps out of Menkaure.
The quokka bites you.
You hit the quokka but do no damage. You block the quokka's attack.
Menkaure is engulfed in blazing flames.
Menkaure explodes!
The fiery explosion engulfs the quokka!!!
The fiery explosion engulfs the lemure!!
Flame seeps out of the lemure.
The lemure is severely wounded.
The fiery explosion engulfs Pikel!!!
Flame seeps out of Pikel.
Pikel is almost dead.
The fiery explosion engulfs you!!! The fire burns you terribly!
Ouch! That really hurt!
* * * LOW HITPOINT WARNING * * *
The quokka explodes!
The fiery explosion engulfs Pikel!!
The fiery explosion engulfs you!! The fire burns you terribly!
You die...

.....# ..#...# ...
......## ..##.##
..##......# .......
.........### ...####.
.....5..... ...# ..
S#........ ..#.
...###§○§...... ...._
.....§§○5......
##§@....... ..<
#.......... ...#
##.(##..### ...#
###.....#
...##...##...##..#
.... #......# ..# ##
#..# #.....## ...
.##...# ####....###
..
......###.##.†.##.###
.


You could see 2 lemures and a ball python (inner flame).

Vanquished Creatures
  Pikel (D:4)
  Menkaure (D:4)
  Pargi (D:3)
  An ogre (D:4)
  A hound (D:4)
  A bombardier beetle (D:3)
  Jessica (D:3)
  2 iguanas (D:4)
  Natasha (thrice) (D:3)
  An orc wizard (D:4)
  8 adders
  2 ribbon worms (D:2)
  5 dart slugs
  2 orcs (D:4)
  3 ball pythons
  7 bats
  6 endoplasms
  3 giant cockroaches
  8 goblins
  4 hobgoblins
  4 jackals
  2 kobolds (D:3)
  2 quokkas (D:4)
  5 frilled lizards (D:1)
  10 rats
84 creatures vanquished.

Notes
Turn   | Place    | Note
-------+----------+-------------------------------------------
     0 | D:1      | Griffin23 the Minotaur Fighter began the quest for the Orb.
     0 | D:1      | Reached XP level 1. HP: 19/19 MP: 0/0
    80 | D:1      | Reached XP level 2. HP: 27/27 MP: 1/1
   149 | D:1      | Found Orogoden's Armour Boutique.
   288 | D:1      | Reached XP level 3. HP: 31/33 MP: 2/2
   787 | D:2      | Reached XP level 4. HP: 34/40 MP: 3/3
  1571 | D:3      | Noticed Pargi
  1595 | D:3      | Killed Pargi
  1596 | D:3      | Reached XP level 5. HP: 9/47 MP: 4/4
  1788 | D:3      | Reached skill level 5 in Fighting
  1788 | D:3      | Reached skill level 5 in Armour
  1842 | D:3      | Noticed Natasha
  1849 | D:3      | Killed Natasha
  1850 | D:3      | Reached skill level 5 in Shields
  2060 | D:3      | Noticed Jessica
  2065 | D:3      | Killed Jessica
  2066 | D:3      | Reached XP level 6. HP: 55/56 MP: 5/5
  2305 | D:3      | Noticed Natasha
  2315 | D:3      | Killed Natasha
  2316 | D:3      | Reached skill level 1 in Throwing
  2412 | D:3      | Noticed Natasha
  2418 | D:3      | Killed Natasha
  2748 | D:4      | Reached skill level 5 in Long Blades
  2788 | D:4      | Found a snail-covered altar of Cheibriados.
  2836 | D:4      | Identified the +1 rapier of Tesum {flame, *Noise rElec
                  | rPois Dex+6}
  2879 | D:4      | Found a broken altar of Ashenzari.
  2891 | D:4      | Found a shimmering blue altar of Sif Muna.
  2914 | D:4      | Reached XP level 7. HP: 53/61 MP: 6/6
  3158 | D:4      | Noticed Menkaure
  3161 | D:4      | Noticed Pikel
  3165 | D:4      | Killed Menkaure
  3165 | D:4      | Killed Pikel
  3165 | D:4      | Killed by an exploding quokka... ignited by their inner
                  | flame

Illustrated notes

Levels and vault maps discovered:
D:1:      ebering_hopf_link, layout_rooms, serial_shops, shop
D:2:      layout_loops_corners, chequers_serial_rivers_micro_b
D:3:      layout_basic, serial_park_tiny_pond, roderic_serpentine_path,
          uniq_natasha, uniq_jessica, uniq_pargi
D:4:      layout_cave_pools, cheibriados_altar_1, mainiacjoe_overflow_big_doors,
          uniq_pikel, uniq_menkaure

Skill      XL: |  1  2  3  4  5  6 |
---------------+-------------------+-----
Shields        | 4 5 |  5.4
Armour         | 4 5 |  5.5
Fighting       | 4 5 |  5.5
Long Blades    | 3 4 5 |  5.4
Throwing       | 1 |  1.8

Action                     |  1- 3 |  4- 6 |  7- 9 || total
---------------------------+-------+-------+-------++-------
  Melee: Long sword        |    81 |   134 |    26 ||   241
         Headbutt          |    16 |    26 |     5 ||    47
  Evoke: Wand              |       |       |     2 ||     2
    Use: Scroll            |       |       |     1 ||     1
 Armour: Scale mail        |    76 |   138 |    24 ||   238
  Dodge: Dodged            |    34 |    69 |     5 ||   108
  Block: Buckler           |    13 |    37 |     4 ||    54

Table legend: (Time is in decaauts)
 A = Elapsed time spent in this place.
 B = Non-inter-level travel time spent in this place.
 C = Inter-level travel time spent in this place.
 D = Time resting spent in this place.
 E = Time spent auto-exploring this place.
 F = Levels seen in this place.
 G = Mean time per level.
                   A        B        C        D        E       F      G
               +--------+--------+--------+--------+--------+-----+--------+
         Total |   3219 |   3112 |    107 |      0 |   2547 |   4 |  804.8 |
       Dungeon |   3219 |   3112 |    107 |      0 |   2547 |   4 |  804.8 |
               +--------+--------+--------+--------+--------+-----+--------+

Top non-repeatable levels by time:
     D:3: 1225 daAuts
     D:2: 1116 daAuts
     D:1: 443 daAuts
     D:4: 434 daAuts
